 Dungeon Crawl Stone Soup version 0.31-a0-360-gb3e1d13 (webtiles) character file.

Game seed: 16584083900430462779

121 lyrin the Scratcher (level 4, -3/19 HPs)
             Began as a Felid Shapeshifter on July 26, 2023.
             Was an Initiate of Nemelex Xobeh.
             Slain by an iguana (11 damage)
             ... on level 5 of the Dungeon.
             The game lasted 00:04:42 (3069 turns).

lyrin the Scratcher (Felid Shapeshifter)            Turns: 3069, Time: 00:04:43

Health: -3/19      AC:  1    Str: 11    XL:     4   Next: 77%
Magic:  5/5        EV: 17    Int: 18    God:    Nemelex Xobeh [......]
Gold:   203        SH:  0    Dex: 16    Spells: 3/3 levels left
                                        Lives:  0   Deaths: 1

rFire   . .          .
                       - Unarmed
rCold   . . .        (shield unavailable)
rNeg    . . .        (body armour unavailable)
rPois   +            (helmet unavailable)
rElec   .            (cloak unavailable)
rCorr   .            (gloves unavailable)
SInv    +            (boots unavailable)
Will    .....        (no amulet)
Stlth   ++           l - ring of poison resistance
HPRegen 0.23/turn    n - +6 ring of intelligence
MPRegen 0.09/turn

%: no passive effects
@: beast-form, quick
A: beast (slay +3), very small, claws 1, fangs 3, see invisible, speed 1, shaggy
fur 1, stealthy paws, no weapons or thrown items, no armour, multi-lived
a: Begin Untransformation, Renounce Religion, Draw Escape, Draw Destruction,
Draw Summoning


You were on level 5 of the Dungeon.
You worshipped Nemelex Xobeh.
Nemelex Xobeh was noncommittal.
You were a hulking beast.
You visited 1 branch of the dungeon, and saw 5 of its levels.

You collected 203 gold pieces.

Inventory:

Jewellery
 l - a ring of poison resistance (left paw)
 n - a +6 ring of intelligence (right paw)
Talismans
 b - a beast talisman
Scrolls
 e - 2 scrolls of enchant armour {unknown}
 f - a scroll of torment {unknown}
 h - a scroll of identify {unknown}
 i - a scroll of enchant weapon {unknown}
 k - 2 scrolls of noise {unknown}
 p - a scroll of immolation {unknown}
 q - a scroll of blinking {unknown}
 r - a scroll of revelation {unknown}
 s - 2 scrolls of teleportation {unknown}
 u - a scroll of fear {unknown}
 v - a scroll of vulnerability {unknown}
Potions
 a - a potion of lignification
 c - a potion of attraction {unknown}
 d - 4 potions of haste {unknown}
 g - a potion of ambrosia {unknown}
 j - 3 potions of curing {unknown}
 m - 2 potions of mutation {unknown}
 o - a potion of enlightenment {unknown}
 t - a potion of might {unknown}


   Skills:
 + Level 1.0 Fighting
 + Level 3.0 Dodging
 + Level 2.3 Stealth
 + Level 4.7 Unarmed Combat
 * Level 1.0 Invocations
 + Level 4.5 Shapeshifting


You had 3 spell levels left.
You didn't know any spells.
Your spell library contained the following spells:

 Spells                   Type           Power      Damage    Failure   Level
 Static Discharge         Conj/Air       0%         2-2/arc   32%         2
 Airstrike                Air            0%         2d(0-16)  91%         4
 Summon Lightning Spire   Summ/Air       0%         N/A       91%         4


Dungeon Overview and Level Annotations

Branches:
Dungeon (5/15)
 Temple: D:4-7

Altars:
Kikubaaqudgha
Nemelex Xobeh
Vehumet

Shops:
D:1 =

Annotations:
D:3 Sigmund
D:4 Grinder, Menkaure


Innate Abilities, Weirdness & Mutations

You are a hulking beast.
Your limbs bulge with bestial killing power. (Slay +3)
You have sharp claws.
You have razor-sharp teeth.
You have supernaturally acute eyesight. (SInv)
You cover ground quickly. (Speed+)
You are covered in fur. (AC +1)
Your paws help you pounce on unaware monsters.
You are incapable of wielding weapons or throwing items.
You cannot wear armour.
You gain extra lives every three experience levels.


Message History

Pain shoots through your body!
You die...
Your shape twists and changes as you die.
You are now level 4!
You rejoin the land of the living...
You see here a +0 club.
Unknown command.
Unknown command.
There is an open door here.
There is a stone staircase leading down here.
Menkaure, Prince of Dust comes into view.
Unknown command.
Unknown command.
Something hits the bush.
There is a stone staircase leading down here.
You climb downwards.
Found 17 gold pieces.
There is a stone staircase leading up here.
An iguana is nearby!
You catch the helpless iguana completely off-guard!
You claw the iguana!
The iguana is heavily wounded.
The iguana misses you.
You scratch the iguana.
The iguana is almost dead.
The iguana barely misses you.
You claw the iguana!
You kill the iguana!
Your Invocations skill increases to level 1!
The iguana misses you.
You barely miss the iguana. The iguana bites you!
Ouch! That really hurt!
You are too injured to fight recklessly!
You are too injured to fight recklessly!
You claw the iguana!
The iguana is heavily wounded.
The iguana bites you!
Ouch! That really hurt!
You die...
Your body disappears without a glow.

.... ...# ..####
..... #..# ##†# .#
#..#####.###
#.#.........#
#####.#.h.......
#....<#..l....<.
....#####.........
$. #.........
######..## #.# #..
#<# .. #.# .l #.##
..


You could see an iguana.

Vanquished Creatures
  A scorpion (D:4)
  A jelly (D:3)
  An iguana (D:5)
  Robin (D:3)
  2 adders
  A dart slug (D:3)
  6 orcs
  4 bats
  5 endoplasms
  4 giant cockroaches
  11 goblins
  10 hobgoblins
  A quokka (D:1)
  7 ball pythons
  A frilled lizard (D:2)
  6 kobolds
  4 rats
66 creatures vanquished.

Notes
Turn   | Place    | Note
-------+----------+-------------------------------------------
     0 | D:1      | lyrin the Felid Shapeshifter began the quest for the Orb.
     0 | D:1      | Reached XP level 1. HP: 9/9 MP: 2/2
   184 | D:1      | Reached XP level 2. HP: 12/12 MP: 3/3
   556 | D:1      | Found Moipegg's Jewellery Shop.
   747 | D:2      | Reached XP level 3. HP: 15/15 MP: 4/4
  1279 | D:3      | Noticed Sigmund
  1342 | D:3      | You fall into a shaft and drop 2 floors!
  1342 | D:5      | Entered Level 5 of the Dungeon
  1353 | D:5      | Found a radiant altar of Vehumet.
  1466 | D:4      | Noticed an ice beast
  1604 | D:3      | Reached XP level 4. HP: 10/19 MP: 5/5
  1852 | D:3      | Noticed Robin
  1865 | D:3      | Killed Robin
  1903 | D:3      | Found an ancient bone altar of Kikubaaqudgha.
  2537 | D:4      | Reached skill level 1 in Stealth
  2565 | D:4      | Found a sparkling altar of Nemelex Xobeh.
  2569 | D:4      | Became a worshipper of Nemelex Xobeh the Trickster
  2901 | D:4      | Noticed a scorpion
  2903 | D:4      | Killed a scorpion
  2904 | D:4      | Reached XP level 5. HP: 22/22 MP: 6/6
  3028 | D:4      | Noticed Grinder
  3033 | D:4      | HP: 1/22 [Grinder (6)]
  3039 | D:4      | Killed from afar by Grinder
  3040 | D:4      | Reached XP level 4. HP: -7/19 MP: 5/5
  3052 | D:4      | Noticed Menkaure
  3065 | D:5      | Reached skill level 1 in Invocations
  3069 | D:5      | Slain by an iguana

Illustrated notes

Levels and vault maps discovered:
D:1:      dpeg_arrival_radiant, layout_loops_ring, serial_shops, shop,
          minmay_misc_feat_encased, minmay_statues_item, minmay_pentomino_u2
D:2:      layout_loops_cross
D:3:      layout_basic, kiku_gazebo_garden_becter, guppyfry_early_orc_mine,
          uniq_robin, uniq_sigmund
D:4:      layout_loops_corners, nemelex_dance_club_becter, serial_forest,
          infiniplex_forest_end_2, infiniplex_forest_pool,
          infiniplex_forest_straight_5, infiniplex_forest_zigzag_2,
          infiniplex_forest_clump_tiny, infiniplex_forest_end_1,
          minmay_hedge_maze, uniq_menkaure, uniq_grinder
D:5:      layout_rooms, nicolae_overflow_hidden_temple, demons_altar,
          nicolae_shop_fire_sale [nicolae_sub_dead_trees],
          nicolae_shop_sticking_my_neck_out, uniq_crazy_yiuf_cottage

Skill      XL: |  1  2  3  4 |
---------------+-------------+-----
Unarmed Combat | 4 |  4.7
Shapeshifting  | 4 |  4.5
Dodging        | 3 |  3.0
Stealth        | 2 |  2.3
Invocations    | 1 |  1.0
Fighting       | |  1.0

Action                     |  1- 3 |  4- 6 || total
---------------------------+-------+-------++-------
  Melee: Unarmed           |    62 |    61 ||   123
         Bite              |     4 |     7 ||    11
         Punch             |       |     1 ||     1
   Stab: Sleeping          |       |     6 ||     6
         Distracted        |       |     1 ||     1
 Armour: Skin              |     1 |     1 ||     2
  Dodge: Dodged            |    43 |    29 ||    72

Table legend: (Time is in decaauts)
 A = Elapsed time spent in this place.
 B = Non-inter-level travel time spent in this place.
 C = Inter-level travel time spent in this place.
 D = Time resting spent in this place.
 E = Time spent auto-exploring this place.
 F = Levels seen in this place.
 G = Mean time per level.
                   A        B        C        D        E       F      G
               +--------+--------+--------+--------+--------+-----+--------+
         Total |   2508 |   2451 |     57 |      0 |   1867 |   5 |  501.6 |
       Dungeon |   2508 |   2451 |     57 |      0 |   1867 |   5 |  501.6 |
               +--------+--------+--------+--------+--------+-----+--------+

Top non-repeatable levels by time:
     D:3: 806 daAuts
     D:1: 565 daAuts
     D:4: 562 daAuts
     D:2: 514 daAuts
     D:5: 59 daAuts
